 Dungeon Crawl Stone Soup version 0.24.0-13-gcf9b319 (webtiles) character file.

Game seed: 3802138146100998993, levelgen mode: deterministic

203 Fang the Covered (level 5, -1/34 HPs)
             Began as a Gargoyle Fighter on Dec 18, 2019.
             Slain by an orc warrior
             ... wielding a +0 trident
              (15 damage)
             ... on level 6 of the Dungeon.
             The game lasted 00:02:51 (1902 turns).

Fang the Covered (Gargoyle Fighter)                 Turns: 1902, Time: 00:02:52

Health: -1/34      AC: 11    Str: 20    XL:     5   Next: 81%
Magic:  5/5        EV:  7    Int: 13    God:
Gold:   93         SH: 10    Dex:  9    Spells: 4/4 levels left

rFire    . . .     SeeInvis .   a - +1 war axe
rCold    . . .     Gourm    .   B - +1 shield
rNeg     + . .     Faith    .   b - +0 scale mail
rPois    ∞         Spirit   .   (no helmet)
rElec    +         Reflect  .   (no cloak)
rCorr    .         Harm     .   (no gloves)
MR       .....                  (no boots)
Stlth    ..........             (no amulet)
HPRegen  0.11/turn              k - +4 ring of intelligence
MPRegen  0.09/turn              (no ring)

@: no status effects
A: negative energy resistance 1, electricity resistance, unbreathing,
petrification resistance, rot immunity, AC +4
a: no special abilities


You were on level 6 of the Dungeon.
You were not hungry.

You visited 1 branch of the dungeon, and saw 4 of its levels.

You collected 93 gold pieces.

Inventory:

Hand Weapons
 a - a +1 war axe (weapon)
Armour
 b - a +0 scale mail (worn)
 B - a +1 shield (worn)
Jewellery
 k - a +4 ring of intelligence (left hand)
Wands
 h - a wand of paralysis (9)
Scrolls
 e - 2 scrolls of enchant weapon
 f - a scroll of identify
 i - a scroll of blinking
 l - a scroll of remove curse
Potions
 d - 2 potions of might
 o - a potion of resistance
 p - a potion of berserk rage
 q - a potion of curing
Comestibles
 c - 9 rations
 g - 18 chunks of flesh


   Skills:
 + Level 4.4 Fighting
 + Level 3.0 Axes
 + Level 4.4 Armour
 + Level 4.4 Shields


You had 4 spell levels left.
You didn't know any spells.
Your spell library contained the following spells:

 Spells                   Type           Power        Failure   Level  Hunger
 Magic Dart               Conj           #...         97%         1    ##.....
 Blink                    Tloc           N/A          99%         2    ###....
 Call Imp                 Summ           #.......     99%         2    ###....
 Slow                     Hex            #.......     99%         2    ###....
 Conjure Flame            Conj/Fire      #.......     100%        3    ####...
 Mephitic Cloud           Conj/Pois/Air  #.......     100%        3    ####...


Dungeon Overview and Level Annotations

Branches:
Dungeon (3/15)

Altars:

Shops:
D:6 :


Innate Abilities, Weirdness & Mutations

You are resistant to torment.
Your stone body is resilient. (AC +4)
You are immune to poison.
You resist negative energy. (rN+)
You are resistant to electric shocks. (rElec)
You can survive without breathing.
You are immune to petrification.
You are immune to rotting.


Message History

You closely miss the sky beast.
The sky beast is lightly wounded.
The orc shouts!
You hit the orc. You block the sky beast's attack.
The orc wizard hits you but does no damage.
You slash the orc wizard!
You kill the orc wizard!
Your Axes skill increases to level 3!
You slash the orc!
You kill the orc!
You closely miss the sky beast.
The orc throws a boomerang.
You block the boomerang. You block the orc warrior's attack.
The sky beast flickers out of sight!
Deactivating autopickup; reactivate with Ctrl-A.
Something hits you but does no damage.
The orc warrior hits you but does no damage.
You closely miss the ogre. You closely miss something.
Something hits you but does no damage. The ogre hits you with a +0 giant club!
The orc warrior hits you from afar with a +0 trident!
You die...

. #......# #[
##......#
#.##....(..#
#..........####
.............
#....#o<....
#...)Ooo.⌠..
#...@{oo∩...
#.#
#.#.)##⌠.⌠#.
#.#.###.#.(#
#..
#.#.....#..#
#.####..#..# .#
#.# #..#..# .#
#|# #..#... .#
#>####..##.# .#
#..........# .#


You could see an orc warrior, an ogre and 4 orcs.

Vanquished Creatures
  2 orc wizards
  4 adders (D:2)
  2 worms
  5 dart slugs
  3 leopard geckos
  6 orcs
  8 giant cockroaches
  8 goblins
  10 hobgoblins
  7 jackals
  A quokka (D:3)
  9 bats
  A frilled lizard (D:2)
  12 kobolds
  7 rats
85 creatures vanquished.

Notes
Turn   | Place    | Note
-------+----------+-------------------------------------------
     0 | D:1      | Fang the Gargoyle Fighter began the quest for the Orb.
     0 | D:1      | Reached XP level 1. HP: 14/14 MP: 1/1
    71 | D:1      | Reached XP level 2. HP: 15/19 MP: 2/2
   329 | D:1      | Reached XP level 3. HP: 22/23 MP: 3/3
   952 | D:2      | Reached XP level 4. HP: 28/29 MP: 4/4
  1699 | D:3      | Reached XP level 5. HP: 32/33 MP: 5/5
  1850 | D:3      | You fall into a shaft and drop 3 floors!
  1890 | D:6      | Found Samagai's Book Emporium.
  1890 | D:6      | Noticed a sky beast
  1893 | D:6      | Noticed an ogre
  1895 | D:6      | Noticed an orc warrior
  1902 | D:6      | Slain by an orc warrior

Levels and vault maps discovered:
D:1:      sevenhm_arrival_forest_fort_small_4, layout_loops_ring
D:2:      layout_basic
D:3:      layout_loops_ring, lemuel_coloured_pillars_altar, minmay_diced_spiral
D:6:      layout_loops_ring, grunt_temple_overflow_order_and_chaos_1,
          nicolae_overflow_crystal_walls, serial_shops, shop_fountains,
          kennysheep_nondescript, st_stairs_8

Skill      XL: |  1  2  3  4  5 |
---------------+----------------+-----
Axes           | 2 3 |  3.0
Fighting       | 4 |  4.4
Armour         | 4 |  4.4
Shields        | 4 |  4.4

Action                   |  1- 3 |  4- 6 || total
-------------------------+-------+-------++-------
Melee: War axe           |   132 |   139 ||   271
  Use: Scroll            |       |    10 ||    10
  Eat: Chunk             |     1 |     3 ||     4
Armor: Scale mail        |    79 |    96 ||   175
Dodge: Dodged            |    45 |    58 ||   103
Block: Shield            |    91 |    91 ||   182
